AoeStats
← René Levesque

Socotra

505065484Analyzed
3v3 RM · 25d ago on Sep 7, 2026· 45m 23s· 6 players
Game mode
Random Map
Map size
128×128
Population
200
Speed
Normal
Resources
Standard
Victory
Conquest
Starting age
Dark Age
Ending age
Imperial Age
RankedLock teamsTeams togetherTeam positionsShared explorationLock speedFull tech treeHidden civsTurbo modeCheats
Victory
Defeat
🇨🇦 Armenians · Canada
1073
+14
🇨🇦 Italians · Canada
1049
+15
🇨🇦 Bulgarians · Canada
955
+20
🇨🇱 Vietnamese · Chile
1041
-49
🇦🇷 Mapuche · Argentina
1039
-16
🇺🇸 Teutons · United States
1024
-16
cejitaskate
13:15 Feudal Age
19:14 Castle Age
25:47 Fletching
26:26 Double-Bit Axe
29:03 Elite Skirmisher
29:09 Elite Skirmisher
Cheu7855
1:25 Loom
12:33 Feudal Age
15:59 Champi Runner
22:52 Castle Age
30:40 Forging
32:28 Champi Warrior
santiferno101
4:51 Loom
10:24 Feudal Age
14:52 Man-at-Arms
22:40 Double-Bit Axe
25:20 Castle Age
24:01 Gold Mining
Numéro Hun
8:39 Loom
11:44 Feudal Age
11:47 Man-at-Arms
14:05 Long Swordsman
17:41 Fletching
19:07 Scale Mail Armor
22:36 Double-Bit Axe
22:43 Gold Mining
23:20 Horse Collar
25:34 Wheelbarrow
28:54 Castle Age
27:51 Forging
28:39 Arson
29:08 Two-Handed Swordsman
29:55 Squires
29:41 Gambesons
30:31 Chain Mail Armor
31:28 Bow Saw
33:35 Gold Shaft Mining
34:46 Bodkin Arrow
35:55 Champion
37:30 Iron Casting
René Levesque
5:19 Loom
11:08 Feudal Age
11:53 Double-Bit Axe
16:25 Fletching
18:33 Wheelbarrow
19:18 Horse Collar
24:16 Castle Age
22:15 Town Watch
25:10 Bodkin Arrow
24:49 Crossbowman
25:36 Thumb Ring
26:31 Padded Archer Armor
29:59 Hand Cart
34:22 Leather Archer Armor
39:59 Imperial Age
41:25 Spies/Treason
James ElBrun
4:54 Loom
11:07 Feudal Age
13:21 Scale Mail Armor
13:22 Padded Archer Armor
16:05 Horse Collar
17:10 Scale Barding Armor
27:00 Castle Age
25:52 Wheelbarrow
25:59 Double-Bit Axe
26:08 Gold Mining
26:10 Stone Mining
28:40 Gambesons
37:25 Hand Cart
38:47 Chain Mail Armor
38:48 Leather Archer Armor
41:08 Imperial Age
39:36 Bloodlines
39:33 Husbandry
39:49 Town Watch
40:54 Guard Tower
41:26 Ballistics
41:19 Spies/Treason
Connection lost

Rejoining the realm…

Still unreachable

The connection could not be restored.

Session expired

The server has moved on; the page needs a fresh start.